 Dungeon Crawl Stone Soup version 0.28.0-45-g0d030f2227 (webtiles) character file.

Game seed: 3169559035085054435

5759 MisterFreud the Covert (level 10, -9/82 HPs)
             Began as a Gnoll Delver on May 30, 2022.
             Was an Elder of Lugonu.
             Killed from afar by an acid dragon (30 damage)
             ... with a splash of acid
             ... on level 8 of the Dungeon.
             The game lasted 00:13:10 (8299 turns).

MisterFreud the Covert (Gnoll Delver)               Turns: 8299, Time: 00:13:11

Health: -9/82      AC:  2    Str: 12    XL:     10   Next: 78%
Magic:  18/18      EV: 13    Int: 14    God:    Lugonu [****..]
Gold:   345        SH:  0    Dex: 13    Spells: 20/20 levels left

rFire   + . .      SeeInvis .   A - +3 Maxwell's thermic engine {flame, freeze}
rCold   . . .      Faith    .   (no shield)
rNeg    . . .      Spirit   .   w - +0 ring mail "Ygearil" {Regen+}
rPois   .          Reflect  .   (no helmet)
rElec   .          Harm     .   (no cloak)
rCorr   .          Rampage  .   (no gloves)
Will    .....                   (no boots)
Stlth   ++++......              u - amulet of the acrobat
HPRegen 1.03/turn               m - ring of protection from fire
MPRegen 0.16/turn               (no ring)

@: corroded
A: fangs 1, strong nose, distributed training
a: Renounce Religion, Depart the Abyss, Bend Space, Banish, Corrupt


You were on level 8 of the Dungeon.
You worshipped Lugonu.
Lugonu was greatly pleased with you.
You visited 1 branch of the dungeon, and saw 9 of its levels.

You collected 345 gold pieces.

Inventory:

Hand Weapons
 a - a +0 short sword
 q - the +5 falchion "Hyelebo" {vorpal, *Rage rCorr SInv Stlth+}
   (You found it on level 1 of the Dungeon)

   It inflicts extra damage upon your enemies.
   SInv:      It lets you see invisible.
   *Rage:     It berserks you when you make melee attacks (+20% chance).
   rCorr:     It protects you from acid and corrosion.
   Stlth:     It makes you more stealthy.
 A - the +3 Maxwell's thermic engine (weapon) {flame, freeze}
   (You found it on level 6 of the Dungeon)

   It burns those it strikes, dealing additional fire damage.
   Big, fiery blades are also staple armaments of hydra-hunters.
   It freezes those it strikes, dealing additional cold damage.
   It can also slow down cold-blooded creatures.
   It becomes more effective when it hits something.
   This effect fades over time.
Missiles
 h - 2 throwing nets (quivered)
 n - 4 poisoned darts
Armour
 b - a +1 leather armour
 w - the +0 ring mail "Ygearil" (worn) {Regen+}
   (You found it on level 5 of the Dungeon)

   Regen:     It increases your rate of health regeneration.
Jewellery
 m - a ring of protection from fire (left hand)
 s - a +6 ring of strength
 u - an amulet of the acrobat (around neck)
 C - an amulet of guardian spirit
Wands
 g - a wand of digging (11)
 E - a wand of polymorph (2)
Scrolls
 c - a scroll of fog
 d - 2 scrolls of magic mapping
 e - 2 scrolls of fear
 k - 3 scrolls of immolation
 p - 2 scrolls of vulnerability
 y - 3 scrolls of identify
 z - a scroll of blinking
 B - a scroll of teleportation
Potions
 f - 4 potions of haste
 i - a potion of attraction {unknown}
 j - a potion of lignification
 l - a potion of degeneration
 o - 2 potions of might
 r - 2 potions of curing
 t - a potion of heal wounds {unknown}
 v - a potion of berserk rage
 x - a potion of flight
 D - a potion of brilliance {unknown}


   Skills:
 + Level 8.7 Fighting
 + Level 7.3 Short Blades
 + Level 5.6 Long Blades
 + Level 5.6 Axes
 + Level 5.6 Maces & Flails
 + Level 5.6 Polearms
 + Level 5.6 Staves
 + Level 5.6 Slings
 + Level 5.6 Bows
 + Level 5.6 Crossbows
 + Level 5.6 Throwing
 + Level 5.6 Armour
 + Level 7.3 Dodging
 + Level 11.1 Stealth
 + Level 5.6 Shields
 + Level 5.6 Unarmed Combat
 + Level 5.6 Spellcasting
 + Level 4.6 Conjurations
 + Level 4.6 Hexes
 + Level 4.6 Summonings
 + Level 4.6 Necromancy
 + Level 4.6 Translocations
 + Level 4.6 Transmutations
 + Level 4.6 Fire Magic
 + Level 4.6 Ice Magic
 + Level 4.6 Air Magic
 + Level 4.6 Earth Magic
 + Level 4.6 Poison Magic
 + Level 6.1 Invocations
 + Level 5.6 Evocations


You had 20 spell levels left.
You didn't know any spells.
Your spell library contained the following spells:

 Spells                   Type           Power      Damage    Failure   Level
 Animate Skeleton         Necr           32%        N/A       4%          1
 Pain                     Necr           64%        1d7       4%          1
 Corpse Rot               Necr/Air       32%        N/A       8%          2
 Frozen Ramparts          Ice            32%        1d5       16%         3
 Ozocubu's Armour         Ice            16%        N/A       16%         3
 Vampiric Draining        Necr           16%        2d7       16%         3
 Dispel Undead            Necr           16%        3d10      45%         4
 Ice Form                 Ice/Tmut       16%        N/A       45%         4
 Summon Ice Beast         Ice/Summ       16%        N/A       45%         4
 Metabolic Englaciation   Hex/Ice        8%         N/A       80%         5
 Death Channel            Necr           8%         N/A       100%        6
 Simulacrum               Ice/Necr       8%         N/A       100%        6


Dungeon Overview and Level Annotations

Branches:
Dungeon (9/15)             Temple (0/1) D:5            Lair (0/6) D:8
    Orc: D:9-12

Altars:
Elyvilon
Qazlal
Zin
The Shining One
Lugonu

Shops:
D:2 ([

Annotations:
D:6 2 runed translucent doors


Innate Abilities, Weirdness & Mutations

You have very sharp teeth.
Your uncanny sense of smell can sniff out nearby items.
Your experience applies equally to all skills.


Message History

The hound closely misses you.
You hit the hound but do no damage. You freeze the hound. You bite the hound.
The hound is lightly wounded.
The hound misses you. The hound barely misses you.
You slash the hound! You burn the hound.
You kill the hound!
Lugonu accepts your kill.
An electric eel comes into view.
You enter the shallow water.
Moving in this stuff is going to be slow.
You hit the river rat. You burn the river rat. You freeze the river rat.
The river rat is heavily wounded.
The river rat closely misses you.
Aiming: Polymorph
Press: ? - help, Shift-Dir - straight line, f - electric eel, p - river rat
Aim: an electric eel (will become a sky beast, a steam dragon, or an acid dragon, chance to affect: 71%)
The electric eel evaporates and reforms as an acid dragon!
The river rat barely misses you. The acid dragon spits acid at you.
The splash of acid hits you!! The acid corrodes you!
You hit the river rat. You burn the river rat.
You kill the river rat!
Lugonu accepts your kill. The acid dragon bites you!
The acid dragon completely misses you.
You barely miss the acid dragon. The acid dragon spits acid at you.
The splash of acid hits you!!
* * * LOW HITPOINT WARNING * * *
You hear a shout!
You are too injured to fight recklessly!
You closely miss the acid dragon. The acid dragon barely misses you.
The acid dragon misses you.
You slash the acid dragon! You burn the acid dragon.
You freeze the acid dragon.
The acid dragon is heavily wounded.
The acid dragon completely misses you. The acid dragon claws you.
* * * LOW HITPOINT WARNING * * *
The acid dragon spits acid at you. The splash of acid hits you!!
You die...

#.....................#
####...
#.............#.....#.#
#.##
##.#..#.###...#.[...#.#
#.#
#.............(...##.#
#.##
##....................#
#.##
......≈...≈≈...≈..######
#...
.....≈≈.≈.≈≈≈...........
####
...≈≈≈≈.≈.≈≈≈.≈≈.##$#..
#. ....≈≈≈≈≈.≈≈≈≈..@#
..## #.
....≈≈≈≈≈.≈≈≈..D.# .# #.
.....≈≈≈≈.≈≈.≈≈..# #. #.
.....≈≈≈...≈≈≈≈..# .. #.
##..≈≈≈.≈..≈≈≈≈≈.# ##<
..≈≈≈.≈..≈≈≈≈≈≈# #..
#≈.≈≈......≈≈≈≈≈# ∆#..
##..≈≈.≈.>..≈≈≈≈≈# #.<
....≈≈≈....≈ #..


You could see an acid dragon (catching breath).

Vanquished Creatures
  A troll (D:8)
  9 yaks
  2 wyverns
  A fire bat (D:8)
  A steam dragon (D:6)
  2 acid dragons
  2 water moccasins
  A hornet zombie (D:7)
  2 necrophages
  3 orc warriors
  3 ogres
  A wolf (D:8)
  6 centaurs
  2 bullfrogs
  4 wyvern zombies (D:6)
  3 scorpions
  3 wights (D:8)
  3 howler monkeys (D:9)
  5 centaur zombies
  A bullfrog zombie (D:6)
  2 centaur skeletons (D:6)
  7 hounds
  A bullfrog skeleton (D:5)
  3 iguanas
  4 orc wizards
  A gnoll shaman (D:5)
  2 killer bee zombies
  5 howler monkey zombies
  16 gnolls
  4 adders
  A river rat (D:8)
  A shadow imp (D:6)
  A worm (D:2)
  6 dart slugs
  22 orcs
  5 endoplasms
  2 giant cockroaches
  11 goblins
  2 hobgoblins
  6 kobolds
  2 quokkas
  4 ball pythons
  6 bats
  6 frilled lizards
  3 rats
178 creatures vanquished.

Vanquished Creatures (others)
  3 plants (D:1)
3 creatures vanquished.

Grand Total: 181 creatures vanquished

Notes
Turn   | Place    | Note
-------+----------+-------------------------------------------
     0 | D:5      | Reached skill level 9 in Stealth
     0 | D:5      | MisterFreud the Gnoll Delver began the quest for the Orb.
     0 | D:5      | Reached XP level 1. HP: 23/23 MP: 1/1
    10 | D:7      | Noticed an orc warrior
    10 | D:7      | Noticed an electric eel
    10 | D:7      | Noticed an electric eel
    10 | D:7      | Noticed an electric eel
    11 | D:7      | Noticed a scorpion
    11 | D:7      | Noticed an orc wizard
   331 | D:5      | Noticed a gnoll shaman
   353 | D:5      | Noticed a scorpion
   692 | D:3      | Reached XP level 2. HP: 21/29 MP: 2/2
   772 | D:4      | Reached skill level 1 in Invocations
   772 | D:4      | Reached XP level 3. HP: 17/35 MP: 2/4
   947 | D:3      | Reached skill level 1 in Long Blades
   947 | D:3      | Reached skill level 1 in Axes
   947 | D:3      | Reached skill level 1 in Maces & Flails
   947 | D:3      | Reached skill level 1 in Polearms
   947 | D:3      | Reached skill level 1 in Staves
   947 | D:3      | Reached skill level 1 in Slings
   947 | D:3      | Reached skill level 1 in Bows
   947 | D:3      | Reached skill level 1 in Crossbows
   947 | D:3      | Reached skill level 1 in Throwing
   947 | D:3      | Reached skill level 1 in Armour
   947 | D:3      | Reached skill level 1 in Shields
   947 | D:3      | Reached skill level 1 in Unarmed Combat
   947 | D:3      | Reached skill level 1 in Spellcasting
   947 | D:3      | Reached skill level 1 in Evocations
  1072 | D:3      | Reached XP level 4. HP: 41/41 MP: 5/5
  1232 | D:2      | Found Qaixikk's Antique Armour Shoppe.
  1392 | D:1      | Found a faded altar of an unknown god.
  1393 | D:1      | Identified the +5 falchion "Hyelebo" {vorpal, *Rage rCorr
                  | SInv Stlth+}
  1479 | D:1      | Prayed at the altar of an unknown god.
  1479 | D:1      | Became a worshipper of Lugonu the Unformed
  1479 | D:1      | Reached * piety under Lugonu
  1479 | D:1      | Reached ** piety under Lugonu
  1525 | D:1      | Reached skill level 1 in Conjurations
  1525 | D:1      | Reached skill level 1 in Hexes
  1525 | D:1      | Reached skill level 1 in Summonings
  1525 | D:1      | Reached skill level 1 in Necromancy
  1525 | D:1      | Reached skill level 1 in Translocations
  1525 | D:1      | Reached skill level 1 in Transmutations
  1525 | D:1      | Reached skill level 1 in Fire Magic
  1525 | D:1      | Reached skill level 1 in Ice Magic
  1525 | D:1      | Reached skill level 1 in Air Magic
  1525 | D:1      | Reached skill level 1 in Earth Magic
  1525 | D:1      | Reached skill level 1 in Poison Magic
  2407 | D:2      | Reached XP level 5. HP: 44/47 MP: 6/6
  2469 | D:2      | Found Xisiun's Weapon Boutique.
  3593 | D:4      | Reached XP level 6. HP: 53/53 MP: 8/8
  4143 | D:5      | Found a staircase to the Ecumenical Temple.
  4188 | D:5      | Found a stormy altar of Qazlal.
  4269 | D:5      | Reached skill level 5 in Short Blades
  4269 | D:5      | Reached skill level 5 in Dodging
  4356 | D:5      | Reached XP level 7. HP: 41/60 MP: 10/10
  4489 | D:5      | Reached *** piety under Lugonu
  4945 | D:5      | Identified the +0 ring mail "Ygearil" {Regen+}
  5065 | D:6      | Reached skill level 10 in Stealth
  5146 | D:6      | Reached XP level 8. HP: 63/67 MP: 12/12
  5387 | D:6      | Found the +2 Maxwell's thermic engine {flame, freeze}
  5415 | D:6      | Noticed a wyvern
  5420 | D:6      | Killed a wyvern
  5685 | D:6      | Found a large runed translucent door.
  5685 | D:6      | Found a large runed translucent door.
  5831 | D:6      | Reached XP level 9. HP: 71/72 MP: 14/14
  5855 | D:6      | HP: 2/109 [iguana (11)]
  6833 | D:7      | Reached **** piety under Lugonu
  7011 | D:8      | Noticed a troll
  7087 | D:8      | Reached skill level 5 in Invocations
  7181 | D:8      | Found a staircase to the Lair.
  7250 | D:9      | Found a glowing golden altar of the Shining One.
  7250 | D:9      | Found a white marble altar of Elyvilon.
  7251 | D:9      | Found a glowing silver altar of Zin.
  7364 | D:9      | Reached XP level 10. HP: 80/80 MP: 17/17
  7504 | D:9      | Reached skill level 5 in Long Blades
  7504 | D:9      | Reached skill level 5 in Axes
  7504 | D:9      | Reached skill level 5 in Maces & Flails
  7504 | D:9      | Reached skill level 5 in Polearms
  7504 | D:9      | Reached skill level 5 in Staves
  7504 | D:9      | Reached skill level 5 in Slings
  7504 | D:9      | Reached skill level 5 in Bows
  7504 | D:9      | Reached skill level 5 in Crossbows
  7504 | D:9      | Reached skill level 5 in Throwing
  7504 | D:9      | Reached skill level 5 in Armour
  7504 | D:9      | Reached skill level 5 in Shields
  7504 | D:9      | Reached skill level 5 in Unarmed Combat
  7504 | D:9      | Reached skill level 5 in Spellcasting
  7504 | D:9      | Reached skill level 5 in Evocations
  7901 | D:7      | Reached skill level 11 in Stealth
  8299 | D:8      | Killed from afar by an acid dragon

Illustrated notes

Levels and vault maps discovered:
D:1:      wander_arrival_chamber, layout_loops_corners,
          hellmonk_ecumenical_altar_lost_god, nicolae_grassy_gnolls
D:2:      layout_basic, serial_shops, nicolae_shop_stone, shop,
          lemuel_old_faithful
D:3:      layout_loops_ring
D:4:      layout_loops_ring, minmay_misc_feat_roman
D:5:      layout_basic, mainiacjoe_overflow_tiny_flanked, temple_pool_b
D:6:      minmay_opposing_rooms, layout_gridville, jmf_multi_god_temple2,
          serial_undead, serial_undead_c, serial_undead_f, serial_undead_f,
          serial_undead_d
D:7:      kennysheep_slugbush, layout_loops_ring
D:8:      minmay_clustersquares, layout_basic, erik_lair_island,
          nrook_mini_vaults, minmay_nine_imps
D:9:      layout_irregular_city, good_gods_mini_temple,
          minmay_statue_crystal_thing

Skill      XL: |  1  2  3  4  5  6  7  8  9 10 |
---------------+-------------------------------+-----
Stealth        | 10 11 | 11.1
Invocations    | 1 2 3 4 5 6 |  6.1
Long Blades    | 1 2 3 4 5 |  5.6
Axes           | 1 2 3 4 5 |  5.6
Maces & Flails | 1 2 3 4 5 |  5.6
Polearms       | 1 2 3 4 5 |  5.6
Staves         | 1 2 3 4 5 |  5.6
Slings         | 1 2 3 4 5 |  5.6
Bows           | 1 2 3 4 5 |  5.6
Crossbows      | 1 2 3 4 5 |  5.6
Throwing       | 1 2 3 4 5 |  5.6
Armour         | 1 2 3 4 5 |  5.6
Shields        | 1 2 3 4 5 |  5.6
Unarmed Combat | 1 2 3 4 5 |  5.6
Spellcasting   | 1 2 3 4 5 |  5.6
Evocations     | 1 2 3 4 5 |  5.6
Conjurations   | 1 2 3 4 |  4.6
Hexes          | 1 2 3 4 |  4.6
Summonings     | 1 2 3 4 |  4.6
Necromancy     | 1 2 3 4 |  4.6
Translocations | 1 2 3 4 |  4.6
Transmutations | 1 2 3 4 |  4.6
Fire Magic     | 1 2 3 4 |  4.6
Ice Magic      | 1 2 3 4 |  4.6
Air Magic      | 1 2 3 4 |  4.6
Earth Magic    | 1 2 3 4 |  4.6
Poison Magic   | 1 2 3 4 |  4.6
Short Blades   | 5 6 7 |  7.3
Dodging        | 5 6 7 |  7.3
Fighting       | 7 8 |  8.7

Action                   |  1- 3 |  4- 6 |  7- 9 | 10-12 || total
-------------------------+-------+-------+-------+-------++-------
Melee: Short sword       |    42 |    48 |       |       ||    90
       Bite              |     6 |     8 |    33 |    13 ||    60
       Punch             |     1 |     1 |     8 |     5 ||    15
       Falchion          |       |    98 |    74 |       ||   172
       Double sword      |       |       |   183 |   113 ||   296
Throw: Dart              |       |       |     2 |       ||     2
Evoke: Wand              |       |       |       |     3 ||     3
  Use: Scroll            |       |     8 |     2 |       ||    10
       Potion            |       |       |     3 |       ||     3
 Stab: Sleeping          |     2 |    18 |     9 |     1 ||    30
Armor: Leather armour    |     6 |    21 |       |       ||    27
       Ring mail         |       |       |    99 |    26 ||   125
Dodge: Dodged            |    32 |    86 |   265 |    88 ||   471
